 Dungeon Crawl Stone Soup version 0.21-a0-91-ga5031da (webtiles) character file.

1680 Ijustatesigmund the Basher (level 9, -4/85 HPs)
             Began as a Naga Fighter on June 29, 2017.
             Was an Initiate of Cheibriados.
             Slain by a two-headed ogre
             ... wielding a +0 giant club
              (20 damage)
             ... on level 8 of the Dungeon.
             The game lasted 00:14:42 (5111 turns).

Ijustatesigmund the Basher (Naga Fighter)           Turns: 5111, Time: 00:14:43

Health: -4/85      AC:  9    Str: 20    XL:     9   Next: 2%
Magic:  1/9        EV:  8    Int:  9    God:    Cheibriados [......]
Gold:   118        SH: 10    Dex: 15    Spells: 5/8 levels left

rFire    . . .     SeeInvis +   a - +1 flail
rCold    . . .     Gourm    .   c - +1 shield
rNeg     + . .     Faith    .   b - +0 ring mail
rPois    +         Spirit   .   (no helmet)
rElec    .         Reflect  .   (no cloak)
rCorr    .         Harm     .   k - +2 pair of gloves
MR       +....                  (no barding)
Stlth    ++........             (no amulet)
HPRegen  0.24/turn              g - ring of positive energy
MPRegen  0.11/turn              C - ring of stealth

@: very slow
A: see invisible, deformed body, poison resistance, slowness 2, slow metabolism
1, spit poison 1, AC +3
a: Spit Poison, Bend Time, Renounce Religion


You were on level 8 of the Dungeon.
You worshipped Cheibriados.
Cheibriados was noncommittal.
You were not hungry.

You visited 2 branches of the dungeon, and saw 9 of its levels.

You collected 222 gold pieces.
You spent 104 gold pieces at shops.

Inventory:

Hand Weapons
 a - a +1 flail (weapon)
Missiles
 l - 3 poisoned tomahawks (quivered)
 y - a throwing net
Armour
 b - a +0 ring mail (worn)
 c - a +1 shield (worn)
 k - a +2 pair of gloves (worn)
Jewellery
 e - an uncursed ring of ice
 g - a ring of positive energy (left hand)
 n - an uncursed ring of ice
 C - a ring of stealth (right hand)
Wands
 h - a wand of iceblast (3/15)
 s - a wand of confusion (15/48)
 w - a wand of polymorph (5/24)
 A - a wand of acid (1/15)
Scrolls
 m - 3 scrolls of remove curse
 o - a scroll of immolation
 q - a scroll of identify
 r - 3 scrolls of amnesia
 t - 2 scrolls of blinking
 u - 2 scrolls of fog
Potions
 p - 3 potions of curing
 x - a potion of brilliance
Books
 v - a book of Minor Magic

   Spells                             Type                      Level
   a - Magic Dart                     Conjuration                  1
   b - Blink                          Translocation                2
   c - Call Imp                       Summoning                    2
   d - Slow                           Hexes                        2
   e - Conjure Flame                  Conjuration/Fire             3
   f - Mephitic Cloud                 Conjuration/Poison/Air       3
Comestibles
 d - 2 meat rations
 f - 5 bread rations
 i - 2 fruits
 j - 3 royal jellies


   Skills:
 + Level 6.7 Fighting
 + Level 8.4 Maces & Flails
 - Level 2.4 Armour
 + Level 3.6 Dodging
 - Level 2.4 Shields


You had 5 spell levels left.
You knew the following spells:

 Your Spells              Type           Power        Failure   Level  Hunger
a - Magic Dart            Conj           #...         96%         1    ##.....
b - Call Imp              Summ           #.......     99%         2    ###....


Dungeon Overview and Level Annotations

Branches:
Dungeon (8/15)             Temple (1/1) D:6
   Lair: D:8-11

Altars:
Ashenzari
Cheibriados
Dithmenos
Fedhas
Gozag
Hepliaklqana
Makhleb
Nemelex Xobeh
Okawaru
Qazlal
Ru
Sif Muna
Trog
Uskayaw
Vehumet
Xom
The Shining One

Shops:
D:4 ?

Annotations:
D:3 exclusion: oklob plant


Innate Abilities, Weirdness & Mutations

You cannot wear boots.
Your serpentine skin is tough. (AC +3)
You have supernaturally acute eyesight. (SInv)
Armour fits poorly on your strangely shaped body.
Your system is resistant to poisons. (rPois)
You cover ground very slowly.
You have a slow metabolism.
You can spit poison.


Message History

You hit the two-headed ogre but do no damage.
The two-headed ogre hits you with a giant club! x2
* * * LOW HITPOINT WARNING * * *
You are too injured to fight recklessly!
You are too injured to fight recklessly!
You are too injured to fight recklessly!
You are too injured to fight recklessly!
You feel better.
The two-headed ogre hits you with a giant club!
* * * LOW HITPOINT WARNING * * *
You block the two-headed ogre's attack.
Evoke which item? (* to show all) (? for menu, Esc to quit)
Aiming: Confuse (will waste charges)
Press: ? - help, Shift-Dir - straight line, f - two-headed ogre
Aim: a two-headed ogre, wielding two giant clubs (chance to defeat MR: 28%)
The two-headed ogre easily resists.
Evoking this partially-identified wand wasted a few charges.
The two-headed ogre closely misses you.
The two-headed ogre hits you with a giant club!!
You die...

...........#########.#.
......)...!.)))........
..<........#.#).###.##
##.........#.#..# #
...........#.#..# .# #
##..########.#..###.#.##
#... ................
###.# .#####..#O..#...
.. #<.....@...(... #..
#...)..........
#.#............
#..(...#..#..##
###.......#..#
......#.## # ##.#...#...
#.....#.... ###...# .#.


You could see a two-headed ogre.

Vanquished Creatures
  An eye of draining (D:8)
  3 orc warriors
  A phantom (D:5)
  4 ogres
  2 bullfrogs
  4 scorpions
  2 crimson imps
  2 orc priests (D:8)
  2 iguanas
  2 orc wizards
  Ijyb (D:5)
  2 worker ants
  A worker ant zombie (D:5)
  A howler monkey zombie (D:5)
  7 gnolls
  6 adders
  A shadow imp (D:6)
  3 worms
  2 dart slugs (D:1)
  5 leopard geckos
  12 orcs
  4 bats
  3 giant cockroaches
  9 goblins
  9 hobgoblins
  8 jackals
  2 kobolds
  4 quokkas
  A ball python (D:3)
  4 frilled lizards
  A leopard gecko skeleton (D:6)
  8 rats
117 creatures vanquished.

Notes
Turn   | Place    | Note
-------+----------+-------------------------------------------
     0 | D:1      | Ijustatesigmund the Naga Fighter began the quest for the Orb.
     0 | D:1      | Reached XP level 1. HP: 21/21 MP: 1/1
    61 | D:1      | Reached XP level 2. HP: 18/28 MP: 2/2
   186 | D:1      | Reached skill level 3 in Maces & Flails
   306 | D:1      | Reached XP level 3. HP: 28/34 MP: 3/3
   578 | D:2      | Found an iron altar of Okawaru.
   579 | D:2      | Found a deep blue altar of Sif Muna.
   579 | D:2      | Found a shimmering altar of Xom.
   580 | D:2      | Found a shadowy altar of Dithmenos.
   733 | D:2      | Found a sacrificial altar of Ru.
   756 | D:2      | Reached XP level 4. HP: 22/42 MP: 4/4
   763 | D:2      | Reached skill level 4 in Maces & Flails
  1207 | D:3      | Reached XP level 5. HP: 49/50 MP: 5/5
  1317 | D:3      | Found a hide-covered altar of Uskayaw.
  1486 | D:3      | Found a blossoming altar of Fedhas.
  1499 | D:3      | Noticed an oklob plant
  2012 | D:5      | Entered Level 5 of the Dungeon
  2012 | D:5      | Noticed Ijyb
  2138 | D:4      | Found a glowing golden altar of the Shining One.
  2158 | D:4      | Reached skill level 5 in Maces & Flails
  2158 | D:4      | Reached XP level 6. HP: 38/57 MP: 6/6
  2373 | D:4      | Reached skill level 6 in Maces & Flails
  2374 | D:4      | Found Ackayvo's Magic Scroll Emporium.
  2377 | D:4      | Bought a scroll of blinking for 82 gold pieces
  2377 | D:4      | Bought a scroll of fog for 22 gold pieces
  2630 | D:5      | Killed Ijyb
  2636 | D:5      | Reached XP level 7. HP: 57/66 MP: 7/7
  2737 | D:5      | Learned a level 1 spell: Magic Dart
  2740 | D:5      | Learned a level 2 spell: Call Imp
  2848 | D:5      | Reached skill level 5 in Fighting
  3141 | D:5      | Reached skill level 7 in Maces & Flails
  3600 | D:6      | Reached skill level 1 in Dodging
  3632 | D:6      | Reached XP level 8. HP: 47/75 MP: 8/8
  4048 | D:6      | Found a staircase to the Ecumenical Temple.
  4055 | Temple   | Entered the Ecumenical Temple
  4155 | Temple   | Became a worshipper of Cheibriados the Contemplative
  4732 | D:7      | Found a hazy altar of Hepliaklqana.
  4831 | D:8      | Reached skill level 8 in Maces & Flails
  5097 | D:8      | Noticed a two-headed ogre
  5106 | D:8      | Reached XP level 9. HP: 85/85 MP: 0/9
  5111 | D:8      | Slain by a two-headed ogre

Vault maps used:
D:1:      dpeg_arrival_pits
D:2:      hangedman_ru_absence, chequers_temple_overflow_statue_of_worship
D:3:      eat_drink_and_be_merry_uskayaw, tgw_fedhas, first_bread, fountainhead
D:4:      kennysheep_little_box, serial_shops, shop
D:5:      uniq_ijyb
D:6:      minmay_temple_entry_nine_rooms, minmay_strange_pillars
D:7:      lemuel_coloured_pillars_altar, minmay_misc_feat_doors
D:8:      nicolae_overflow_hidden_temple
Temple:   minmay_temple_forest_path

Skill      XL: |  1  2  3  4  5  6  7  8 |
---------------+-------------------------+-----
Maces & Flails | 3 4 5 6 7 8 |  8.4
Fighting       | 4 5 6 |  6.7
Dodging        | 1 3 |  3.6
Armour         | |  2.4
Shields        | |  2.4

Action                   |  1- 3 |  4- 6 |  7- 9 || total
-------------------------+-------+-------+-------++-------
Melee: Flail             |   113 |   197 |   154 ||   464
Throw: Tomahawk          |       |     8 |     9 ||    17
Evoke: Wand              |       |       |     5 ||     5
  Use: Scroll            |     3 |     3 |     7 ||    13
       Potion            |     4 |       |     5 ||     9
 Stab: Invisible         |       |       |     1 ||     1
  Eat: Chunk             |       |     5 |     4 ||     9
       Fruit             |       |       |     4 ||     4
Armor: Scale mail        |    59 |    58 |       ||   117
       Ring mail         |       |    55 |    34 ||    89
Dodge: Dodged            |    26 |    49 |    45 ||   120
Block: Shield            |    69 |    95 |    65 ||   229
